 Dungeon Crawl Stone Soup version 0.31-a0-188-g5e087ee2ca (webtiles) character file.

Game seed: 13365050862704699447

51 qw the Shooter (level 3, -6/20 HPs)
             Began as a Deep Elf Hunter on June 23, 2023.
             Killed by divine providence
             ... invoked by an orc priest
              (14 damage)
             ... on level 3 of the Dungeon.
             The game lasted 00:00:31 (1281 turns).

qw the Shooter (Deep Elf Hunter)                    Turns: 1281, Time: 00:00:31

Health: -6/20      AC:  5    Str: 16    XL:     3   Next: 57%
Magic:  5/5        EV: 11    Int: 13    God:
Gold:   92         SH:  0    Dex: 18    Spells: 2/2 levels left

rFire   . . .        Y - +0 shortbow
rCold   + . .        (shield currently unavailable)
rNeg    . . .        h - +0 ring mail
rPois   .            (no helmet)
rElec   .            (no cloak)
rCorr   .            (no gloves)
SInv    .            (no boots)
Will    .....        (no amulet)
Stlth   +            e - ring of protection from cold
HPRegen 0.23/turn    d - +6 ring of strength
MPRegen 0.09/turn

%: no passive effects
@: no status effects
A: no striking features
a: no special abilities


You were on level 3 of the Dungeon.
You visited 1 branch of the dungeon, and saw 3 of its levels.

You collected 92 gold pieces.


   Skills:
 - Level 1.5 Fighting
 + Level 7.1 Ranged Weapons
 - Level 2.4 Dodging
 - Level 1.2 Stealth


You had 2 spell levels left.
You didn't know any spells.
Your spell library was empty.

Inventory:

Hand Weapons
 Y - a +0 shortbow (weapon)
Armour
 h - a +0 ring mail (worn)
Jewellery
 d - a +6 ring of strength (right hand)
 e - a ring of protection from cold (left hand)
Scrolls
 g - a scroll of identify
 j - a scroll of teleportation {unknown}
Potions
 a - a potion of might {unknown}
 b - a potion of berserk rage {unknown}
 c - a potion of heal wounds
 f - a potion of invisibility {unknown}
 i - a potion of curing {unknown}

Dungeon Overview and Level Annotations

Branches:
Dungeon (3/15)

Altars:
Xom


Message History

The kobold shouts!
The kobold throws a stone.
The stone barely misses you.
You shoot an arrow. The arrow hits the kobold.
You kill the kobold!
a - a fizzy dark potion
j - a scroll labelled ISEIW COUNAT You see here a wand of acid (7).
You open the door.
There is an open door here.
You open the door.
You hear the slow rusting of a very distant drain.
There is an open door here.
You see here the Book of Hapless Topology.
You open the door.
An endoplasm comes into view.
You shoot an arrow. The arrow hits the endoplasm!
You kill the endoplasm!
There is an open door here.
You open the door.
There is an open door here.
An orc priest comes into view. It is wielding a +0 short sword.
Found 16 gold pieces.
The orc priest calls down the wrath of Beogh upon you.
Beogh smites you!
Ouch! That really hurt!
Enter note:
1272 ||| FLEEEEING.
1273 ||| STILL FLEEEEING.
1274 ||| STILL FLEEEEING.
1275 ||| STILL FLEEEEING.
1276 ||| STILL FLEEEEING.
1277 ||| STILL FLEEEEING.
1278 ||| FLEEEEING.
1279 ||| FLEEEEING.
1280 ||| FLEEEEING.
1281 ||| FLEEEEING.
The orc priest invokes the aid of Beogh against you.
Beogh smites you!
Ouch! That really hurt!
You die...

#######'##
...
###......#
#.#
.........#
#.#
.........#
#.#
...####'##
#.# .. #.#
#.# .
#.#######.##
#..........#
#########@.#
#.....#
###...#
#...# #...#
#...# #...#
# #o..# ...
# #...#....


You could see an orc priest.

Vanquished Creatures
  An adder (D:2)
  2 dart slugs (D:1)
  4 endoplasms
  3 giant cockroaches (D:2)
  3 goblins
  7 hobgoblins
  4 kobolds
  4 ball pythons
  A bat (D:1)
  4 frilled lizards
  3 rats
36 creatures vanquished.

Notes
Turn   | Place    | Note
-------+----------+-------------------------------------------
     0 | D:1      | qw the Deep Elf Hunter began the quest for the Orb.
     0 | D:1      | Reached XP level 1. HP: 12/12 MP: 3/3
     0 | D:1      | 0 ||| qw: Version: 0.3-a-9-g12657ce
     0 | D:1      | 0 ||| qw: Game counter: 3927
     0 | D:1      | 0 ||| qw: Always use a shield: true
     0 | D:1      | 0 ||| qw: God list: Okawaru
     0 | D:1      | 0 ||| qw: Allow faded altars: false
     0 | D:1      | 0 ||| qw: Do Orc after D:15 true
     0 | D:1      | 0 ||| qw: Do second Lair branch before Depths: true
     0 | D:1      | 0 ||| qw: Lair rune preference: random
     0 | D:1      | 0 ||| qw: Plans: Normal
     0 | D:1      | 0 ||| PLANNING D:1-11
   129 | D:1      | Reached XP level 2. HP: 16/16 MP: 4/4
   146 | D:1      | Reached skill level 6 in Ranged Weapons
   160 | D:1      | 160 ||| FLEEEEING.
   173 | D:1      | 173 ||| FLEEEEING.
   339 | D:1      | 339 ||| UPGRADING to +0 ring mail.
   349 | D:1      | 349 ||| DROPPING +0 leather armour.
   350 | D:1      | 350 ||| UPGRADING to ring of protection from cold.
   351 | D:1      | 351 ||| READING scroll labelled ZEESTR UZIHI.
   352 | D:1      | 352 ||| READING scroll labelled ESMARR YPHIYZ.
   353 | D:1      | 353 ||| READING 3 scrolls labelled CUXTUOTISE.
   354 | D:1      | 354 ||| DROPPING scroll of butterflies.
   497 | D:2      | Reached XP level 3. HP: 20/20 MP: 5/5
   866 | D:2      | Reached skill level 7 in Ranged Weapons
  1178 | D:2      | 1178 ||| UPGRADING to +6 ring of strength.
  1179 | D:2      | 1179 ||| READING scroll labelled EZATA LUODWAMO.
  1180 | D:2      | 1180 ||| DRINKING 2 emerald potions.
  1181 | D:2      | 1181 ||| READING 2 scrolls of identify.
  1181 | D:2      | 1181 ||| IDENTIFYING dark potion
  1182 | D:2      | 1182 ||| DROPPING potion of attraction.
  1189 | D:3      | Found a shimmering altar of Xom.
  1190 | D:3      | 1190 ||| PLANNING SEWER
  1272 | D:3      | 1272 ||| FLEEEEING.
  1278 | D:3      | 1278 ||| FLEEEEING.
  1279 | D:3      | 1279 ||| FLEEEEING.
  1280 | D:3      | 1280 ||| FLEEEEING.
  1281 | D:3      | 1281 ||| FLEEEEING.
  1281 | D:3      | Killed from afar by an orc priest

Levels and vault maps discovered:
D:1:      dpeg_arrival_rooms_a, layout_rooms
D:2:      layout_loops_corners
D:3:      layout_basic, lemuel_crystal_altar, serial_shops,
          nicolae_shop_gibbet_a_chance, portal_sewer_entry_b,
          kennysheep_pointless_box

Skill      XL: |  1  2  3 |
---------------+----------+-----
Ranged Weapons | 6 7 |  7.1
Fighting       | |  1.5
Dodging        | |  2.4
Stealth        | |  1.2

Action                     || total
---------------------------++-------
   Fire: Shortbow          ||    84
    Use: Scroll            ||     5
         Potion            ||     1
 Armour: Ring mail         ||     7
  Dodge: Dodged            ||    10

Table legend:
 A = Non-vault XP
 B = Vault XP
 C = Vault XP percentage of total XP
 D = Non-vault monster count
 E = Vault monster count
 F = Vault count percentage of total count
                 A         B        C        D         E       F
            +---------+---------+-------+---------+---------+-------
      Total |      73 |       0 |   0.0 |      36 |       0 |   0.0
            +---------+---------+-------+---------+---------+-------
        D:1 |      32 |       0 |   0.0 |      18 |       0 |   0.0
        D:2 |      36 |       0 |   0.0 |      15 |       0 |   0.0
        D:3 |       5 |       0 |   0.0 |       3 |       0 |   0.0
            +---------+---------+-------+---------+---------+-------
